Map: Automaton LE

Players

HeroMarine - Winner!

  • Race: Terran Terran
  • Spawn Location: 3:00

Gerald

  • Race: Protoss Protoss
  • Spawn Location: 9:00

Event: 2019 WCS Spring

VOD

Have the link to the VOD?

Description

Time

  • Played on: May 18, 2019, 8:31 a.m.
  • Length: 22:02

All games in this series

Show
View Real Time Build Order
Export as new Build Order

HeroMarine Terran - Winner!

Build Orders: Gas First Reaper Expand, Hellion Opening 

Get SALT Encoding   

  12  0:00  SCV  
  13  0:12  SCV  
  14  0:17  Supply Depot  
  14  0:25  SCV  
  15  0:28  Refinery  
  15  0:39  SCV  
  16  0:45  Barracks  
  16  0:51  SCV  
  17  1:03  SCV  
  18  1:15  SCV  
  19  1:32  Reaper, Orbital Command  
  20  1:45  Command Center  
  20  1:56  Factory  
  20  2:00  SCV  
  21  2:07  Barracks Reactor  
  21  2:12  SCV  
  22  2:16  Supply Depot  
  22  2:19  Refinery  
  22  2:24  SCV  
  23  2:38  SCV  
  24  2:44  Starport  
  24  2:50  SCV, Hellion x2  
  29  2:57  Orbital Command  
  29  3:02  SCV  
  30  3:11  Hellion x2  
  34  3:17  SCV  
  35  3:26  Medivac  
  37  3:29  SCV  
  37  3:30  SCV  
  37  3:33  Hellion x2  
  43  3:37  Supply Depot  
  43  3:41  Barracks Tech Lab  
  43  3:42  SCV x2  
  45  3:54  SCV  
  46  3:57  Starport Tech Lab  
  46  3:58  SCV  
  46  4:00  Barracks  
  47  4:03  Supply Depot  
  47  4:06  SCV  
  47  4:08  Marine x2  
  50  4:10  SCV  
  54  4:18  SCV  
  54  4:19  Raven  
  54  4:23  SCV  
  53  4:24  Cyclone  
  53  4:26  Marine x2  
  53  4:30  SCV  
  59  4:35  SCV  
  58  4:42  Engineering Bay, Refinery  
  58  4:43  SCV  
  59  4:47  SCV  
  62  4:56  Barracks  
  62  4:58  SCV  
  62  4:59  SCV, Supply Depot  
  62  5:02  Command Center  
  62  5:09  Stimpack  
  62  5:20  SCV x2, Siege Tank  
  67  5:21  Engineering Bay  
  67  5:22  Engineering Bay, Supply Depot  
  67  5:24  Marine x2  
  67  5:25  Marine  
  70  5:40  Supply Depot  
  70  5:43  SCV x2  
  70  5:45  Starport Reactor, Supply Depot  
  70  5:47  Terran Infantry Weapons Level 1, Terran Infantry Armor Level 1  
  72  5:53  Marauder  
  72  5:55  SCV x2  
  73  5:59  Barracks  
  73  6:01  Barracks  
  71  6:08  SCV x2, Refinery  
  73  6:12  Missile Turret, Combat Shield  
  73  6:16  Marine x2  
  73  6:17  Marauder x2  
  79  6:20  Orbital Command  
  79  6:26  Factory Reactor  
  79  6:27  SCV x2  
  81  6:32  Orbital Command  
  81  6:38  Marauder x2  
  83  6:41  SCV  
  83  6:42  SCV, Medivac x2, Marine x2  
  83  6:46  Missile Turret  
  91  6:49  Barracks Reactor  
  91  6:50  Barracks Tech Lab  
  90  6:55  SCV x2  
  90  7:00  Marauder x2, Marine  
  97  7:05  Orbital Command  
  97  7:06  Widow Mine  
  97  7:07  Widow Mine  
  101  7:09  Supply Depot x2  
  101  7:10  SCV x2  
  101  7:11  Marauder  
  101  7:13  Marine  
  106  7:18  Marine  
  106  7:21  Medivac  
  109  7:26  Armory, SCV x2, Medivac  
  111  7:33  Concussive Shells, Widow Mine x2  
  111  7:36  Marauder  
  111  7:37  Marauder x2, SCV  
  120  7:39  SCV x2  
  121  7:53  Medivac  
  121  7:56  Medivac  
  121  7:58  Marauder  
  127  8:00  SCV x3  
  127  8:04  Refinery x2  
  130  8:05  Supply Depot  
  130  8:06  Supply Depot  
  130  8:07  Supply Depot  
  130  8:09  Marauder  
  132  8:13  Marauder, Widow Mine x2  
  132  8:14  SCV x2  
  132  8:17  SCV  
  141  8:24  Supply Depot  
  141  8:27  Terran Infantry Weapons Level 2, Marine x3  
  143  8:35  Medivac x2  
  143  8:37  Widow Mine  
  143  8:40  Marauder x2  
  155  8:41  Marauder  
  153  9:00  Marine x2  
  153  9:01  Marauder, Marine  
  153  9:02  Marauder  
  148  9:03  Widow Mine  
  148  9:04  Widow Mine  
  148  9:09  Terran Infantry Armor Level 2, Ghost Academy  
  152  9:10  Terran Vehicle And Ship Armor Level 1, Command Center  
  152  9:16  Marauder  
  154  9:17  Marine  
  154  9:18  Marine  
  154  9:23  Marauder, Medivac x2  
  157  9:31  Starport  
  157  9:37  Marauder  
  157  9:38  Marauder, Marine x4  
  164  9:55  Marine  
  164  9:56  Marine x3  
  161  10:03  Ghost x3  
  161  10:04  Viking x2  
  155  10:10  Barracks  
  155  10:11  Barracks  
  155  10:12  Barracks  
  155  10:13  Marine  
  156  10:17  Marine x2  
  158  10:26  Marine  
  151  10:31  Marine  
  151  10:32  Marauder x3  
  151  10:34  Marine x2  
  160  10:36  SCV x3  
  160  10:37  Missile Turret  
  163  10:49  SCV x2  
  166  10:50  SCV  
  166  10:52  Missile Turret  
  166  10:53  Marauder, Missile Turret, Ghost  
  166  10:54  Missile Turret, Ghost  
  172  10:58  Sensor Tower  
  172  11:00  Viking x2  
  172  11:03  Barracks Reactor  
  172  11:04  Barracks Tech Lab x2  
  176  11:10  Planetary Fortress  
  175  11:11  Missile Turret  
  175  11:14  Ghost  
  177  11:21  Marine x3  
  177  11:22  Ghost x2, Marine  
  185  11:28  Refinery  
  185  11:29  Refinery  
  185  11:35  Marauder  
  185  11:37  Marauder  
  184  11:43  Marauder  
  184  11:44  Marine  
  184  11:45  Marine x3  
  187  11:51  Marauder  
  187  12:02  Terran Infantry Armor Level 3, Terran Infantry Weapons Level 3  
  178  12:17  Ghost x2  
  178  12:18  Marine x2  
  178  12:20  Marauder  
  184  12:26  Bunker  
  184  12:27  Marine x4  
  188  12:32  Command Center  
  188  12:34  Supply Depot  
  188  12:37  Liberator x2  
  188  12:45  Sensor Tower  
  188  12:47  Marine  
  188  12:51  Terran Ship Weapons Level 1  
  188  12:52  Fusion Core, Starport  
  194  13:01  Liberator x2  
  194  13:20  Marauder x4  
  194  13:26  Command Center  
  199  13:36  Liberator x2  
  196  13:46  SCV x2  
  196  13:47  SCV, Starport Tech Lab  
  190  13:58  Liberator x3  
  183  14:09  Personal Cloaking  
  182  14:13  Orbital Command  
  182  14:15  Advanced Ballistics  
  191  14:19  Marauder x4  
  191  14:20  Command Center  
  199  14:35  Command Center  
  198  14:57  Orbital Command  
  198  15:04  Command Center  
  196  15:13  Viking x2  
  200  15:16  Missile Turret  
  200  15:20  Missile Turret, Marine x2  
  200  15:21  Marine x2  
  197  15:48  Liberator x3  
  198  16:25  Marine x2  
  196  16:26  Marine x3  
  195  16:36  Liberator x4  
  195  16:37  Liberator  
  174  16:47  Marauder x2, Marine x2  
  174  16:48  Marauder  
  174  16:49  Planetary Fortress  
  174  16:51  Marine x2  
  190  16:56  Marauder x2  
  190  17:01  Marine x2  
  187  17:09  Marauder x3, Orbital Command  
  186  17:16  Ghost  
  186  17:17  Marauder  
  186  17:29  Ghost x3  
  191  17:37  Ghost  
  191  17:44  Missile Turret  
  187  17:45  Ghost  
  189  18:03  Marauder x3  
  195  18:07  Marauder  
  195  18:09  Marine x2  
  195  18:11  Marine  
  200  18:15  Sensor Tower  
  200  18:29  Neosteel Armor, Hi-Sec Auto Tracking  
  200  18:30  Terran Ship Weapons Level 2  
  194  18:42  Viking  
  194  18:43  Viking x2  
  197  19:11  Liberator x3  
  194  19:22  Liberator x2  
  194  19:24  Marauder x3, Marine x3  
  183  19:37  Marauder, Marine  
  171  19:40  Ghost  
  171  19:44  Ghost, Marine x2  
  171  19:45  Marauder  
  172  19:54  Liberator x3  
  172  19:57  Refinery x2  
  172  19:58  Marauder  
  172  19:59  Marauder, Marine x4  
  180  20:02  Marine  
  180  20:05  Liberator  
  180  20:06  Marauder  
  183  20:09  Marauder  
  183  20:13  Marauder  
  196  20:15  Command Center  
  196  20:20  Marauder  
  198  20:49  Marauder x2  
  190  20:56  Marauder  
  192  20:59  Marauder x2  
  192  21:00  Marine x4  
  193  21:08  Marine  
  193  21:10  Marauder x2, Marine  
  186  21:18  Marauder, Marine x2  
  180  21:20  Marauder x2  
  198  21:32  Marauder  
Show
View Real Time Build Order
Export as new Build Order

Gerald Protoss 

Build Orders: 1 Gate Expand, Oracle Opening 

Get SALT Encoding   

  12  0:00  Probe  
  13  0:12  Probe  
  14  0:18  Pylon  
  14  0:23  Probe  
  15  0:32  Probe  
  15  0:39  Gateway  
  15  0:40  Probe  
  16  0:47  Assimilator  
  17  0:53  Probe  
  18  1:05  Probe  
  19  1:17  Probe  
  20  1:27  Nexus  
  20  1:35  Cybernetics Core  
  20  1:38  Probe  
  21  1:44  Assimilator  
  21  1:50  Probe  
  21  1:53  Pylon  
  22  2:01  Adept  
  22  2:02  Probe  
  23  2:14  Probe  
  26  2:21  Stargate  
  26  2:22  Adept  
  26  2:26  Probe  
  27  2:35  Warp Gate  
  29  2:38  Probe  
  29  2:39  Probe  
  31  2:50  Probe  
  32  2:51  Probe  
  32  2:53  Adept  
  35  2:58  Oracle  
  35  3:02  Probe  
  35  3:04  Probe  
  37  3:09  Pylon  
  40  3:23  Probe  
  40  3:24  Probe  
  42  3:31  Oracle  
  40  3:35  Probe  
  40  3:36  Probe, Gateway  
  40  3:38  Gateway  
  40  3:40  Pylon  
  45  3:47  Probe  
  45  3:48  Probe  
  47  3:53  Pylon  
  47  3:58  Shield Battery  
  47  3:59  Probe  
  47  4:00  Probe  
  49  4:09  Assimilator  
  49  4:11  Assimilator, Probe  
  50  4:21  Probe  
  50  4:23  Twilight Council, Probe  
  52  4:25  Forge  
  52  4:27  Stalker  
  49  4:33  Probe  
  45  4:38  Probe  
  45  4:40  Stalker  
  45  4:41  Stalker  
  45  4:45  Probe  
  51  4:47  Probe  
  52  4:55  Probe  
  52  4:57  Probe  
  54  5:03  Probe  
  54  5:04  Blink  
  54  5:05  Protoss Ground Weapons Level 1  
  55  5:09  Probe  
  56  5:14  Probe  
  56  5:16  Nexus  
  58  5:21  Probe  
  58  5:26  Probe  
  59  5:30  Robotics Facility  
  59  5:33  Probe  
  60  5:40  Probe  
  60  5:42  Pylon  
  61  5:44  Gateway  
  61  5:48  Gateway  
  61  5:50  Probe  
  61  5:56  Probe  
  63  6:02  Probe  
  64  6:07  Stalker x2  
  64  6:08  Probe  
  69  6:12  Stalker  
  69  6:14  Probe  
  69  6:18  Observer, Robotics Bay  
  73  6:21  Templar Archives  
  73  6:22  Probe  
  74  6:31  Probe  
  75  6:35  Probe  
  75  6:37  Probe, Pylon  
  77  6:40  Gateway  
  77  6:42  Gateway  
  77  6:43  Probe  
  77  6:46  Observer  
  79  6:50  Probe  
  79  6:54  Probe  
  76  7:01  Charge, Psionic Storm, Probe  
  76  7:02  Protoss Ground Armor Level 1, Probe  
  76  7:05  Zealot x5  
  76  7:06  Probe  
  88  7:13  Probe  
  89  7:16  Probe  
  89  7:17  Observer  
  89  7:20  Probe  
  90  7:25  Probe  
  90  7:28  Immortal, Probe  
  95  7:32  High Templar  
  95  7:33  Zealot x2  
  101  7:38  Pylon  
  101  7:40  Pylon  
  101  7:47  Zealot  
  101  7:48  Zealot x2  
  98  7:54  Stalker  
  98  7:56  Assimilator, Probe  
  98  7:57  Assimilator  
  98  7:58  Pylon x2  
  101  8:01  Stalker, High Templar  
  101  8:02  Probe, Gateway  
  106  8:10  High Templar, Warp Prism  
  106  8:11  High Templar  
  106  8:12  Zealot  
  114  8:15  Probe  
  115  8:20  Photon Cannon  
  115  8:21  Shield Battery  
  115  8:38  Zealot x4  
  123  8:41  Zealot  
  122  9:01  Zealot x3  
  128  9:06  Immortal  
  132  9:17  Probe  
  133  9:25  Pylon  
  133  9:26  Pylon  
  133  9:27  Protoss Ground Weapons Level 2  
  133  9:30  Nexus, Robotics Bay  
  131  9:31  Robotics Facility  
  131  9:33  Pylon  
  131  9:36  Pylon  
  127  9:46  Immortal  
  127  9:50  Zealot x7  
  127  9:51  Zealot  
  128  10:04  Probe  
  126  10:08  Probe  
  126  10:09  Probe  
  126  10:14  High Templar x3  
  131  10:16  Stalker x3  
  139  10:24  Probe  
  139  10:27  Probe x2  
  142  10:32  High Templar x2  
  146  10:37  Probe  
  146  10:39  Probe x2, Disruptor x2  
  155  10:46  Probe  
  155  10:49  Probe  
  157  10:51  Probe  
  157  10:52  Probe  
  159  10:58  Probe  
  159  11:01  Probe  
  159  11:03  Probe  
  162  11:09  Stalker x7  
  162  11:10  Stalker  
  178  11:16  Probe  
  179  11:25  Pylon  
  179  11:26  Photon Cannon  
  179  11:28  Pylon  
  179  11:30  Pylon  
  179  11:38  Disruptor  
  178  11:41  Disruptor  
  173  11:49  High Templar x2  
  173  11:50  High Templar  
  175  11:58  Probe  
  175  11:59  Archon x2  
  168  12:04  Disruptor  
  168  12:07  Disruptor  
  168  12:09  Probe  
  168  12:12  Zealot x2  
  168  12:13  Zealot x3, Probe  
  168  12:14  Probe x2  
  180  12:21  Probe  
  181  12:23  Probe  
  181  12:26  Zealot, Probe x2  
  181  12:27  Zealot x2  
  190  12:32  Assimilator  
  190  12:33  Probe  
  190  12:36  Assimilator  
  191  12:39  Disruptor  
  191  12:41  Protoss Ground Weapons Level 3  
  191  12:42  Probe  
  191  12:43  Stalker x2  
  189  13:17  Disruptor  
  189  13:19  Zealot x3  
  192  13:20  Zealot x2  
  192  13:45  Disruptor  
  192  13:47  Zealot x4  
  171  13:57  Zealot x4  
  171  13:58  Probe  
  157  14:10  Disruptor  
  157  14:11  Stalker x5, Disruptor  
  157  14:12  Stalker x3  
  179  14:27  Pylon  
  179  14:29  Assimilator, Probe x2  
  179  14:30  Probe x2  
  183  14:38  Pylon  
  179  14:41  Probe  
  179  14:50  Zealot x2  
  179  14:51  Zealot x2  
  185  14:53  Disruptor x2  
  191  15:00  Nexus, Pylon  
  191  15:05  Probe  
  186  15:31  Stalker x7  
  189  15:54  Disruptor  
  188  16:03  Stalker x7  
  188  16:04  Stalker  
  189  16:28  Nexus  
  189  16:31  Pylon  
  182  16:52  Pylon  
  182  16:53  Pylon x2  
  172  16:54  Pylon x2  
  172  16:55  Pylon x2  
  172  16:57  Photon Cannon  
  172  16:59  Photon Cannon, Pylon  
  172  17:01  Photon Cannon  
  172  17:03  Shield Battery  
  172  17:06  Shield Battery  
  170  17:13  Observer x2  
  172  17:18  Probe  
  172  17:21  Probe  
  170  17:25  Assimilator x2  
  170  17:28  Protoss Ground Armor Level 2  
  166  17:34  Zealot x4  
  166  17:35  Zealot x4  
  178  17:53  Stargate, Nexus  
  178  17:54  Fleet Beacon  
  178  17:56  Photon Cannon  
  178  17:58  Shield Battery  
  166  18:04  Zealot x8  
  165  18:24  Archon  
  149  18:35  Stalker x4  
  149  18:36  Stalker x4  
  146  19:03  Disruptor x2  
  146  19:04  Zealot x3  
  146  19:05  Zealot x5  
  141  19:30  Disruptor x2  
  121  19:40  Zealot x5  
  121  19:41  Zealot x3  
  131  19:52  Nexus  
  131  19:55  Pylon  
  131  19:57  Assimilator  
  131  20:02  High Templar x2  
  131  20:03  Zealot x3, Assimilator  
  131  20:04  Disruptor  
  140  20:21  High Templar x5  
  140  20:26  Archon x2  
  148  20:32  Disruptor  
  139  20:48  Zealot x3  
  139  20:51  Archon  
  139  20:55  Zealot  
  139  20:56  Zealot  
  137  20:59  Zealot x3  
  120  21:10  Zealot x2  
  120  21:11  Zealot  
  88  21:12  Disruptor  
  88  21:16  Probe  
  88  21:18  Zealot x2  
  74  21:22  Disruptor  
  75  21:26  Zealot  
  68  21:43  High Templar x2  
  68  21:44  High Templar x5  
  61  21:48  Archon x2  
  61  21:49  Archon  
Tags
 
Add a new tag
Caveats
  • Supply blocks, unpowered buildings, or Contaminate may cause inaccurate times.
  • Supply counts are checked every 10 seconds.